 Dungeon Sprint DCSS version 0.16-a0-3596-g438c78e (webtiles) character file.

583 BluebellGnoll the Cleaver (level 7, -21/56 HPs)
             Began as a Demonspawn Gladiator on Jan 12, 2015.
             Was a Priest of Qazlal.
             Killed by the air
             ... invoked by a blizzard demon
              (27 damage)
             ... in the Dungeon (Sprint V: "Ziggurat Sprint").
             The game lasted 00:04:27 (149 turns).

BluebellGnoll the Cleaver (Demonspawn Gladiator)     Turns: 149, Time: 00:04:27

Health: -21/56     AC: 25    Str: 18    XL:     7   Next: 14%
Magic:  7/7        EV: -2    Int: 10    God:    Qazlal [***...]
Gold:   0          SH: 33    Dex: 14    Spells: 0 memorised, 6 levels left

rFire  + . .     SeeInvis +     O - +14 obsidian axe {chop, +Fly Str+3 SInv Curse} (curse)
rCold  + + .     Clarity  .     L - +5 gold dragon armour
rNeg   + . .     SustAb   .     N - +18 shield of the gong {rElec rN+ MR+ EV-5}
rPois  +         Gourm    .     (helmet restricted)
rElec  +         Spirit   .     (no cloak)
rCorr  .         Warding  .     (no gloves)
rMut   .         NoTele   +     (no boots)
MR     +....                    (no amulet)
Stlth  ..........               (no ring)
                                (no ring)

@: mesmerised, somewhat resistant to hostile enchantments, extremely unstealthy
A: antennae 1, rough black scales 1, cold resistance 1
a: Upheaval, Elemental Force, Renounce Religion, Evoke Flight


You were in the Dungeon.
You worshipped Qazlal.
Qazlal was most pleased with you.
You were not hungry.

You visited 1 branch

Inventory:

Hand weapons
 a - a +0 war axe
 M - a +5 broad axe
 O - the cursed +14 obsidian axe (weapon) {chop, +Fly Str+3 SInv Curse}
   (You found it in the Dungeon)

   It inflicts extra damage upon your enemies.
   It affects your strength (+3).
   It enhances your eyesight.
   It lets you fly.
   It may recurse itself when equipped.
   It has a curse placed upon it.
Missiles
 d - 3 throwing nets (quivered)
Armour
 L - a +5 gold dragon armour (worn)
 N - the +18 shield of the gong (worn) {rElec rN+ MR+ EV-5}
   (You found it in the Dungeon)

   It affects your evasion (-5).
   It insulates you from electricity.
   It protects you from negative energy.
   It affects your resistance to hostile enchantments.
Jewellery
 p - a +6 ring of dexterity
 q - a +6 ring of dexterity
 r - a +6 ring of intelligence
 s - a +6 ring of intelligence
 t - a +6 ring of strength
 u - a +6 ring of strength
Magical devices
 l - a wand of disintegration (7)
 m - a wand of fire (5)
 n - a wand of cold (5)
 o - a wand of draining (5)
Scrolls
 k - 4 scrolls of blinking
 y - 4 scrolls of amnesia
 E - 3 scrolls of recharging
 F - 7 scrolls of fog
 G - 5 scrolls of identify
 H - 5 scrolls of remove curse
 I - 2 scrolls of fear
Potions
 e - 10 potions of curing
 g - 10 potions of heal wounds
 h - 6 potions of haste
 i - 7 potions of magic
 j - 3 potions of berserk rage
 w - 2 potions of brilliance
 x - 2 potions of invisibility
 z - 2 potions of restore abilities
 A - 4 potions of resistance
 C - 5 potions of agility
 D - 5 potions of might
Books
 v - a tome of Destruction
Miscellaneous
 B - a sack of spiders
 P - a fan of gales
Comestibles
 f - 5 bread rations
 J - 42 fruits
 K - 4 meat rations


   Skills:
 * Level 5.3 Fighting
 - Level 9.3 Axes
 - Level 1.7 Throwing
 * Level 8.0 Armour
 - Level 2.6 Dodging
 - Level 6.7 Shields


You had 6 spell levels left.
You didn't know any spells.

Dungeon Overview and Level Annotations

Branches:
Dungeon (1/1)

Altars:
Ashenzari
Cheibriados
Dithmenos
Elyvilon
Fedhas
Gozag
Kikubaaqudgha
Makhleb
Nemelex Xobeh
Okawaru
Qazlal
Ru
Sif Muna
Trog
Vehumet
Xom
Yredelemnul
Zin
The Shining One
Beogh
Jiyva
Lugonu


Innate Abilities, Weirdness & Mutations

You have a pair of small antennae on your head.
You are partially covered in rough black scales (AC +4, Dex -1).
Your flesh is cold resistant.


Message History

SHROANNG!
Your gold dragon armour prevents you from hitting the blizzard demon.
The blizzard demon is severely wounded.
You are engulfed in freezing vapours.
You resist.
The blizzard demon is engulfed in freezing vapours.
The blizzard demon waves its arms in wide circles.
The air twists around and strikes you!
* * * LOW HITPOINT WARNING * * *
The blizzard demon is engulfed in freezing vapours.
The blizzard demon gestures at you. The bolt of cold hits you! You resist.
* * * LOW HITPOINT WARNING * * *
You are too injured to fight recklessly!
Unknown command.
You slash the blizzard demon!
The blizzard demon is almost dead.
The blizzard demon is engulfed in freezing vapours.
The blizzard demon waves its arms in wide circles.
The air twists around and strikes you!
You die...

▓.....▓.....▓...†.▓
▓.....▓.†)..▓.....▓
▓.....▓.†...▓▓▓▓▓▓▓
▓▓▓▓▓▓▓▓▓▓▓▓▓▓
▓..8©8...▓
▓..=|)...▓
▓...?....▓
▓........▓
▓..§@2...▓
▓.▓§§§§▓.▓
▓..§..§..▓
▓▓▓▓▓▓▓▓▓▓


You could see a blizzard demon.

Vanquished Creatures
  A spriggan (D)
  A golden eye (D)
  A wolf (D)
  A black bear (D)
  A quasit (D)
  A jelly (D)
  A shadow imp (D)
  A white imp (D)
  A giant eyeball (D)
  An ooze (D)
  2 ball pythons (D)
12 creatures vanquished.

Notes
Turn   | Place    | Note
--------------------------------------------------------------
     0 | D        | BluebellGnoll, the Demonspawn Gladiator, began the quest for the Orb.
     0 | D        | Reached XP level 1. HP: 16/16 MP: 1/1
     0 | D        | Found a viscous altar of Jiyva.
     0 | D        | Found a corrupted altar of Lugonu.
     0 | D        | Found a white marble altar of Elyvilon.
     2 | D        | Found a sparkling altar of Nemelex Xobeh.
     2 | D        | Found a burning altar of Makhleb.
     3 | D        | Found a deep blue altar of Sif Muna.
     3 | D        | Found a bloodstained altar of Trog.
     6 | D        | Found an iron altar of Okawaru.
    14 | D        | Found a basalt altar of Yredelemnul.
    14 | D        | Found a radiant altar of Vehumet.
    22 | D        | Found a shimmering altar of Xom.
    37 | D        | Became a worshipper of Qazlal Stormbringer
    60 | D        | Reached skill level 6 in Armour
    60 | D        | Gained mutation: You are partially covered in rough black scales (AC +4, Dex -1). [demonic ancestry]
    60 | D        | Reached XP level 2. HP: 22/22 MP: 2/2
    71 | D        | Entered arena 1.
    79 | D        | Entered arena 2.
    79 | D        | Noticed a black bear
    79 | D        | Noticed a wolf
    79 | D        | Noticed a spriggan
    83 | D        | Killed a black bear
    83 | D        | Acquired Qazlal's first power
    83 | D        | Reached skill level 5 in Axes
    83 | D        | Gained mutation: Your flesh is cold resistant. [demonic ancestry]
    83 | D        | Reached XP level 3. HP: 27/27 MP: 3/3
    83 | D        | Gained mutation: You have a pair of small antennae on your head. [demonic ancestry]
    83 | D        | Reached XP level 4. HP: 33/33 MP: 4/4
    87 | D        | Killed a wolf
    87 | D        | Reached skill level 7 in Axes
    87 | D        | Reached skill level 5 in Shields
    87 | D        | Reached XP level 5. HP: 38/38 MP: 5/5
    87 | D        | Killed a spriggan
    87 | D        | Reached skill level 9 in Axes
    87 | D        | Reached XP level 6. HP: 44/44 MP: 6/6
    95 | D        | Got the -7 pair of gloves of Sif Muna's Indignation {rElec rCorr}
   102 | D        | Entered arena 3.
   102 | D        | Noticed a golden eye
   102 | D        | Noticed a jelly
   104 | D        | Killed a jelly
   104 | D        | Acquired Qazlal's second power
   106 | D        | Paralysed by a giant eyeball for 3 turns
   118 | D        | Killed a golden eye
   118 | D        | Reached XP level 7. HP: 51/55 MP: 7/7
   122 | D        | Got the ring "Hohin" {+Rage +Fly MP+5}
   140 | D        | Entered arena 4.
   140 | D        | Noticed a blizzard demon
   140 | D        | Noticed a quasit
   142 | D        | Killed a quasit
   142 | D        | Acquired Qazlal's third power
   142 | D        | Reached skill level 5 in Fighting
   149 | D        | Killed from afar by a blizzard demon

Action                   |  1- 3 |  4- 6 |  7- 9 || total
-------------------------+-------+-------+-------++-------
Melee: Broad axe         |     6 |    12 |     7 ||    25
  Use: Potion            |     1 |       |       ||     1
